Map: Alcyone LE

Players

wanan - Winner!

  • Race: Terran Terran
  • Spawn Location: 1:00

COSMOS

  • Race: Protoss Protoss
  • Spawn Location: 7:00

VOD

Have the link to the VOD?

Description

Time

  • Played on: July 21, 2024, 6:17 a.m.
  • Length: 10:51
Show
View Real Time Build Order
Export as new Build Order

wanan Terran - Winner!

Build Orders:  

Get SALT Encoding   

  12  0:04  SCV  
  13  0:16  SCV  
  15  0:28  SCV  
Show
View Real Time Build Order
Export as new Build Order

COSMOS Protoss 

Build Orders:  

Get SALT Encoding   

  12  0:00  Probe  
  13  0:15  Pylon  
  13  0:18  Probe (Chrono Boost)  
  15  0:28  Probe (Chrono Boost)  
  15  0:38  Gateway  
  15  1:05  Pylon  
  15  1:08  Pylon  
  15  1:10  Gateway  
  15  1:24  Pylon  
  15  1:28  Pylon  
  15  1:31  Pylon  
  15  1:40  Cybernetics Core  
  15  1:42  Gateway  
  15  1:45  Gateway x2  
  15  1:48  Gateway  
  15  1:49  Probe  
  16  1:56  Assimilator  
  16  2:03  Probe (Chrono Boost)  
  17  2:13  Probe (Chrono Boost)  
  18  2:18  Pylon  
  18  2:23  Assimilator  
  18  2:31  Pylon  
  18  2:41  Probe (Chrono Boost)  
  19  2:51  Probe (Chrono Boost)  
  20  2:56  Warp Gate  
  20  2:57  Probe  
  21  3:09  Probe  
  22  3:21  Probe  
  23  3:57  Nexus  
  23  4:00  Adept  
  25  4:15  Twilight Council  
  25  4:18  Stargate  
  25  4:20  Robotics Facility  
  25  4:36  Assimilator  
  25  4:40  Assimilator  
  25  5:14  Zealot  
  25  5:15  Zealot x4  
  35  5:31  Templar Archives  
  35  5:34  Fleet Beacon  
  35  5:37  Probe (Chrono Boost)  
  36  5:45  Probe (Chrono Boost)  
  36  5:49  Probe (Chrono Boost)  
  38  5:54  Probe (Chrono Boost)  
  38  5:55  Probe (Chrono Boost)  
  40  5:59  Probe (Chrono Boost)  
  40  6:04  Probe  
  42  6:16  Probe (Chrono Boost)  
  42  6:17  Probe (Chrono Boost)  
  45  6:27  Probe x2 (Chrono Boost)  
  45  6:31  Probe (Chrono Boost)  
  45  6:32  Probe (Chrono Boost)  
  48  7:18  Oracle  
  51  7:27  Warp Prism  
  53  7:36  Stalker x3  
  53  7:37  Stalker  
  61  7:45  Blink (Chrono Boost)  
  61  7:49  Psionic Storm  
  61  8:26  Phoenix  
  61  8:57  Void Ray  
  61  9:21  Pylon  
  61  9:22  Pylon  
  61  9:23  Pylon  
Tags
 
Matchup
PvT
Spawn Locations
Cross Positions
Add a new tag
Caveats
  • Supply blocks, unpowered buildings, or Contaminate may cause inaccurate times.
  • Supply counts are checked every 10 seconds.